 Dungeon Crawl Stone Soup version 0.30.1-11-g7821555f0a (webtiles) character file.

Game seed: 5197376775387766650

58 KittyFluff the Trooper (level 4, -6/29 HPs)
             Began as a Gargoyle Berserker on Nov 12, 2023.
             Was a Believer of Trog.
             Mangled by Sigmund
             ... wielding a +0 scythe
              (12 damage)
             ... on level 2 of the Dungeon.
             The game lasted 00:04:16 (752 turns).

KittyFluff the Trooper (Gargoyle Berserker)          Turns: 752, Time: 00:04:17

Health: -6/29      AC:  0    Str: 23    XL:     4   Next: 1%
Magic:  4/4        EV: 14    Int:  7    God:    Trog [**....]
Gold:   39         SH:  0    Dex:  9    Spells: 3/3 levels left

rFire   . . .        a - melded +0 mace
rCold   . . .        (shield currently unavailable)
rNeg    + . .        b - melded +0 animal skin
rPois   ∞            (helmet currently unavailable)
rElec   .            (cloak currently unavailable)
rCorr   .            (gloves currently unavailable)
SInv    .            d - melded +0 pair of boots
Will    .....        (no amulet)
Stlth   +            (ring currently unavailable)
HPRegen 0.24/turn    (ring currently unavailable)
MPRegen 0.09/turn

%: no passive effects
@: pig-form, very quick
A: fast, no casting, sickness immunity, AC +3, small, negative energy resistance
1, (electricity resistance), torment resistance 1, petrification resistance
a: Renounce Religion, Berserk, Trog's Hand


You were on level 2 of the Dungeon.
You worshipped Trog.
Trog was pleased with you.
You were a filthy swine.
You visited 1 branch of the dungeon, and saw 2 of its levels.

You collected 39 gold pieces.

Inventory:

Hand Weapons
 a - a +0 mace (melded)
Missiles
 h - 2 boomerangs (quivered)
Armour
 b - a +0 animal skin (melded)
 d - a +0 pair of boots (melded)
Scrolls
 c - a scroll of fog {unknown}
 f - a scroll of identify {unknown}
 k - a scroll of magic mapping {unknown}
Potions
 e - 2 potions of ambrosia {unknown}
 g - 2 potions of flight {unknown}
 i - a potion of resistance {unknown}
 j - a potion of haste {unknown}
 l - 2 potions of mutation {unknown}


   Skills:
 + Level 3.9 Fighting
 + Level 3.4 Maces & Flails
 + Level 2.9 Armour
 + Level 2.1 Dodging


You had 3 spell levels left.
You didn't know any spells.
Your spell library was empty.

Dungeon Overview and Level Annotations

Branches:
Dungeon (2/15)

Altars:

Annotations:
D:2 Sigmund


Innate Abilities, Weirdness & Mutations

You are a filthy swine.
You move quickly.
Your equipment is almost entirely melded.
You are incapable of wielding weapons or throwing items.
You cannot cast spells.
You are immune to sickness and miasma.
((Your stone body is resilient. (AC +3)))
You are immune to poison.
You resist negative energy. (rN+)
((You are resistant to electric shocks. (rElec)))
You are resistant to unholy torment.
You are immune to petrification.


Message History

Sigmund hits you from afar with a +0 scythe.
Sigmund casts a spell at you. The puff of flame hits you!
You see here a hobgoblin corpse.
You closely miss Sigmund.
Sigmund is severely wounded.
Sigmund says, "Look into my eyes."
Sigmund zaps a wand.
You turn into a filthy swine.
Your +0 mace melds into your body.
Your +0 pair of boots melds into your body.
Your +0 animal skin melds into your body.
You closely miss Sigmund.
Sigmund is severely wounded.
Sigmund closely misses you.
You barely miss Sigmund.
Sigmund is severely wounded.
You barely miss Sigmund.
Sigmund is severely wounded.
Sigmund hits you with a +0 scythe!
* * * LOW HITPOINT WARNING * * *
You closely miss Sigmund.
Sigmund is severely wounded.
Sigmund barely misses you.
You barely miss Sigmund.
Sigmund is severely wounded.
You barely miss Sigmund.
Sigmund is severely wounded.
Sigmund misses you.
You hit Sigmund.
Sigmund is almost dead.
Sigmund barely misses you.
You closely miss Sigmund.
Sigmund is almost dead.
You closely miss Sigmund.
Sigmund is almost dead.
Sigmund gestures wildly while chanting.
Sigmund flickers and vanishes!
Deactivating autopickup; reactivate with Ctrl-A.
You miss something. Something hits you!
You die...

..# #.# ####..#..# #.
#.#
.#####.###.......## .
#..
........##.#####..#.#
##. .###.##.#..#
#..#.# .......
.#...##.#.## #....#
.......
.#.###....######...##
.......
##.##..##......#....#
.......
##.#..########...##.#
..l.... #....## ##.h#
.# ....... >.####
##{......# .......
..# #........ .##
#.......# # #........
#.......# #.......#
#.......#


There were no monsters in sight!

Vanquished Creatures
  3 adders (D:2)
  A dart slug (D:1)
  2 ball pythons
  An endoplasm (D:2)
  A giant cockroach (D:1)
  2 goblins (D:1)
  2 hobgoblins
  2 kobolds (D:1)
  3 quokkas (D:1)
  3 bats
  4 frilled lizards
  5 rats
29 creatures vanquished.

Notes
Turn   | Place    | Note
-------+----------+-------------------------------------------
     0 | D:1      | KittyFluff the Gargoyle Berserker began the quest for the
                  | Orb.
     0 | D:1      | Reached XP level 1. HP: 14/14 MP: 1/1
   141 | D:1      | Reached XP level 2. HP: 16/19 MP: 2/2
   304 | D:1      | Reached ** piety under Trog
   501 | D:2      | Reached XP level 3. HP: 24/24 MP: 3/3
   722 | D:2      | Noticed Sigmund
   731 | D:2      | Reached XP level 4. HP: 29/29 MP: 4/4
   752 | D:2      | Mangled by Sigmund

Illustrated notes

Levels and vault maps discovered:
D:1:      dpeg_arrival_tiny_i, layout_rooms
D:2:      layout_rooms, hangedman_decor_riveting, uniq_sigmund

Skill      XL: |  1  2 |
---------------+-------+-----
Dodging        | 2 |  2.1
Fighting       | |  3.9
Maces & Flails | |  3.4
Armour         | |  2.9

Action                     |  1- 3 |  4- 6 || total
---------------------------+-------+-------++-------
  Melee: Mace              |    95 |     1 ||    96
         Unarmed           |       |    10 ||    10
  Throw: Boomerang         |     4 |    10 ||    14
 Armour: Animal skin       |    57 |       ||    57
         Skin              |     3 |     3 ||     6
  Dodge: Dodged            |    76 |     4 ||    80
